 Dungeon Crawl Stone Soup version 0.18.1-48-g4cf74bf (webtiles) character file.

12509 sarahorange the Ducker (level 11, -3/91 HPs)
             Began as a Demonspawn Fighter on Aug 14, 2016.
             Was a High Priest of Okawaru.
             Slain by a frost giant
             ... wielding a +0 battleaxe of freezing
              (30 damage)
             ... in an ice cave.
             The game lasted 01:33:23 (14991 turns).

sarahorange the Ducker (Demonspawn Fighter)        Turns: 14991, Time: 01:33:23

Health: -3/91      AC: 23    Str: 19    XL:     11   Next: 63%
Magic:  20/20      EV: 13    Int: 11    God:    Okawaru [*****.]
Gold:   734        SH:  0    Dex: 12    Spells: 3 memorised, 16 levels left

rFire  + . .     SeeInvis +     v - +2 battleaxe (flame)
rCold  + . .     Gourm    .     K - +4 scale mail {rF+}
rNeg   . . .     Faith    .     (shield currently unavailable)
rPois  .         Spirit   .     (no helmet)
rElec  .         Dismiss  .     j - +2 cloak
rCorr  .         Reflect  .     w - +1 pair of gloves
SustAt +         Harm     .     (no boots)
MR     .....                    (no amulet)
Stlth  ..........               n - ring of sustain attributes
                                B - ring of see invisible

@: not resistant to hostile enchantments, extremely unstealthy
A: hooves 1, iridescent scales 2, cold resistance 1, robust 1, freezing cloud
immunity
a: Heroism, Finesse, Renounce Religion


You were in an ice cave.
You worshipped Okawaru.
Okawaru was extremely pleased with you.
You were not hungry.

You visited 3 branches of the dungeon, and saw 13 of its levels.
You also visited: Ossuary, Ice Cave and Volcano.

You collected 1068 gold pieces.
You spent 334 gold pieces at shops.

Inventory:

Hand Weapons
 a - a +1 rapier
 h - a +0 hunting sling
 v - a +2 battleaxe of flaming (weapon)
 y - a +2 hand axe of electrocution
Missiles
 e - 438 stones
 x - 7 tomahawks
 E - 2 steel javelins (quivered)
Armour
 c - a +1 shield
 j - a +2 cloak (worn)
 w - a +1 pair of gloves (worn)
 K - a +4 scale mail of fire resistance (worn)
Jewellery
 g - an uncursed ring of fire
 n - a ring of sustain attributes (right hand)
 u - an uncursed ring of flight
 B - a ring of see invisible (left hand)
Wands
 d - a wand of polymorph (7/24)
 H - a wand of paralysis (17/24)
 I - a wand of iceblast (11/15)
 L - a wand of flame (24/48)
 M - a wand of flame (15/48)
 Q - a wand of digging (10/24)
 T - a wand of teleportation (6/9)
Scrolls
 i - 4 scrolls of remove curse
 r - a scroll of fog
 D - a scroll of amnesia
 G - a scroll of enchant armour
 P - a scroll of recharging
 S - a scroll of identify
Potions
 k - 2 potions of flight {unknown}
 l - a potion of brilliance {unknown}
 m - 3 potions of invisibility {unknown}
 o - a potion of degeneration {unknown}
 p - a potion of agility {unknown}
 q - 2 potions of magic {unknown}
 z - a potion of cure mutation {unknown}
 C - 3 potions of lignification {unknown}
 O - a potion of berserk rage {unknown}
Books
 A - a book of Changes

   Spells                             Type                      Level
   a - Beastly Appendage              Transmutation                1
   b - Sticks to Snakes               Transmutation                2
   c - Spider Form                    Transmutation/Poison         3
   d - Ice Form                       Ice/Transmutation            4
   e - Blade Hands                    Transmutation                5
 J - a book of Spatial Translocations

   Spells                             Type                      Level
   a - Apportation                    Translocation                1
   b - Blink                          Translocation                2
   c - Shroud of Golubria             Charms/Translocation         2
   d - Portal Projectile              Translocation                3
   e - Teleport Other                 Translocation                3
   f - Passage of Golubria            Translocation                4
Miscellaneous
 U - a crystal ball of energy
Comestibles
 b - 2 slices of pizza
 f - 5 bread rations
 s - 4 chunks of flesh
 N - a beef jerky


   Skills:
 + Level 6.4 Fighting
 + Level 3.8 Short Blades
 + Level 4.2 Axes
 + Level 3.5 Throwing
 + Level 5.6 Armour
 + Level 7.0 Dodging
 + Level 2.4 Stealth
 + Level 7.0 Shields
 * Level 6.2 Spellcasting
 * Level 5.4 Translocations
 * Level 5.1 Transmutations
 + Level 0.2 Evocations


You had 16 spell levels left.
You knew the following spells:

 Your Spells              Type           Power        Failure   Level  Hunger
a - Beastly Appendage     Trmt           ##....       10%         1    None
b - Blink                 Tloc           N/A          10%         2    ##.....
c - Teleport Other        Tloc           ###.....     17%         3    ###....


Dungeon Overview and Level Annotations

Branches:
Dungeon (9/15)             Temple (1/1) D:7            Lair (3/8) D:9
  Swamp: Lair:3-6    Shoals: Lair:3-6     Snake: Lair:3-6    Spider: Lair:3-6
    Orc: D:9-12

Altars:
Ashenzari
Cheibriados
Dithmenos
Elyvilon
Fedhas
Gozag
Kikubaaqudgha
Makhleb
Nemelex Xobeh
Okawaru
Pakellas
Qazlal
Ru
Sif Muna
Trog
Vehumet
Xom
Yredelemnul
Zin
The Shining One

Shops:
D:7 [   D:8 *

Annotations:
Lair:1 exclusion: oklob plant


Innate Abilities, Weirdness & Mutations

You have large cloven feet.
You are mostly covered in iridescent scales (AC +6).
Your flesh is cold resistant.
You are robust (+10% HP).
You are immune to freezing clouds.


Message History

The frost giant is moderately wounded.
The frost giant hits you with a battleaxe of freezing!!
The frost giant freezes you.
You slash the frost giant! You burn the frost giant.
You kick the frost giant, but do no damage.
The frost giant is heavily wounded.
The frost giant points at you and mumbles some strange words.
The bolt of cold hits you! You resist.
The frost giant hits you with a battleaxe of freezing!!
* * * LOW HITPOINT WARNING * * *
You feel better.
You slash the frost giant! You burn the frost giant.
You kick the frost giant, but do no damage.
The frost giant is severely wounded.
The frost giant barely misses you.
You hit the frost giant. You burn the frost giant.
You kick the frost giant, but do no damage.
The frost giant is severely wounded.
The frost giant hits you with a battleaxe of freezing!!
You die...

########.
####........
##...@CY.....
###...####.....
##...###.)##
...
#...##)....## .
#...#.......#
#...#......##
##.......###.
##...........
#.##.........


You could see a frost giant and a yak.

Vanquished Creatures
  Erolcha (D:9)
  The ghost of dvd the Geomancer, a novice DDEE of Elyvilon (D:9)
  Pikel (D:6)
  A lindwurm (Lair:2)
  2 toenail golems (Volcano)
  2 molten gargoyles (Volcano)
  A smoke demon (Volcano)
  2 spiny frogs
  2 komodo dragons
  2 red devils (Volcano)
  A troll (D:6)
  2 two-headed ogres (D:8)
  5 blink frogs
  The ghost of Heedrag the Covert, an amateur KoAs (D:4)
  The ghost of Heedrag the Conjurer, an amateur DECj (D:3)
  A wyvern (Lair:3)
  A fire bat (Volcano)
  A hungry ghost (D:8)
  A water moccasin (D:8)
  Menkaure (D:4)
  2 porcupines (Lair:3)
  3 orc warriors
  A slave (D:6)
  2 ice beasts
  An ogre (D:8)
  A necrophage (D:8)
  4 phantoms
  2 crocodiles
  3 wolves (IceCv)
  4 centaurs
  2 big kobolds
  A gnoll sergeant (D:8)
  6 giant frogs
  A wyvern zombie (D:8)
  A wyvern skeleton (D:9)
  2 scorpions
  7 wights
  A howler monkey (D:6)
  A lava snake (Volcano)
  3 human zombies (Ossuary)
  3 crimson imps
  A quasit (D:8)
  2 centaur zombies (Ossuary)
  3 hounds
  A giant frog skeleton (D:4)
  A jelly (D:6)
  2 orc priests (D:7)
  4 worker ants
  5 iguanas
  4 orc wizards
  A killer bee zombie (D:7)
  15 sheep
  2 big kobold zombies (Ossuary)
  A hound zombie (D:7)
  A hound skeleton (D:7)
  2 mummies (Ossuary)
  A worker ant zombie (D:6)
  7 gnolls
  A howler monkey skeleton (D:7)
  11 adders
  2 river rats (Lair:2)
  A shadow imp (D:8)
  12 white imps (Lair:3)
  2 dart slugs (D:4)
  10 giant geckos
  18 orcs
  5 giant cockroaches
  8 goblins
  9 hobgoblins
  7 jackals
  12 kobolds
  7 quokkas
  7 ball pythons
  9 bats
  A goblin zombie (Ossuary)
  8 hobgoblin zombies (Ossuary)
  3 jackal zombies (Ossuary)
  12 kobold zombies (Ossuary)
  6 orc zombies (Ossuary)
  7 rats
  5 fungi
  A plant (Lair:1)
298 creatures vanquished.

Vanquished Creatures (collateral kills)
  3 river rats (Lair:2)
3 creatures vanquished.

Vanquished Creatures (others)
  A slave (D:6)
  An orc priest (D:6)
  4 orcs (D:6)
  2 jackals (D:6)
  A fungus (Lair:3)
  4 plants (Lair:3)
13 creatures vanquished.

Grand Total: 314 creatures vanquished

Notes
Turn   | Place    | Note
--------------------------------------------------------------
     0 | D:1      | sarahorange the Demonspawn Fighter began the quest for the Orb.
     0 | D:1      | Reached XP level 1. HP: 18/18 MP: 1/1
   334 | D:1      | Gained mutation: You have large cloven feet. [demonic ancestry]
   334 | D:1      | Reached XP level 2. HP: 24/24 MP: 2/2
   685 | D:1      | Reached XP level 3. HP: 17/29 MP: 3/3
  1394 | D:2      | Reached skill level 1 in Throwing
  1481 | D:2      | Reached skill level 1 in Dodging
  1527 | D:2      | Gained mutation: Your flesh is cold resistant. [demonic ancestry]
  1527 | D:2      | Reached XP level 4. HP: 33/35 MP: 4/4
  1647 | D:2      | Found a stormy altar of Qazlal.
  1861 | D:3      | Found a radiant altar of Vehumet.
  1925 | D:3      | Noticed Heedrag's ghost (amateur DECj)
  2539 | D:4      | Noticed Heedrag's ghost (amateur KoAs)
  2572 | D:4      | Killed Heedrag's ghost
  2572 | D:4      | Reached skill level 1 in Stealth
  2572 | D:4      | Gained mutation: You are partially covered in iridescent scales (AC +4). [demonic ancestry]
  2572 | D:4      | Reached XP level 5. HP: 28/42 MP: 5/5
  2572 | D:4      | Reached XP level 6. HP: 32/48 MP: 6/6
  2582 | D:4      | Found a sand-covered staircase.
  2593 | Ossuary  | Entered an ossuary
  3425 | Ossuary  | Gained mutation: You are immune to freezing clouds. [demonic ancestry]
  3425 | Ossuary  | Reached XP level 7. HP: 55/55 MP: 7/7
  3724 | D:3      | Killed Heedrag's ghost
  4035 | D:3      | Found an opulent altar of Gozag.
  4247 | D:4      | Noticed Menkaure
  4458 | D:4      | Killed Menkaure
  4731 | D:4      | Learned a level 1 spell: Beastly Appendage
  4929 | D:4      | Found a shattered altar of Ashenzari.
  4933 | D:4      | Saw a vision of the Shoals and the Spider Nest.
  4933 | D:4      | Noticed a redback
  4933 | D:4      | Noticed a redback
  4933 | D:4      | Noticed a hippogriff
  4933 | D:4      | Noticed a merfolk
  4933 | D:4      | Noticed a sea snake
  4933 | D:4      | Noticed a merfolk
  4933 | D:4      | Noticed a merfolk
  4933 | D:4      | Noticed a hippogriff
  4936 | D:4      | Noticed a merfolk
  4937 | D:4      | Noticed a wolf spider
  4937 | D:4      | Noticed a redback
  5115 | D:5      | Entered Level 5 of the Dungeon
  5202 | D:5      | Noticed a troll
  5271 | D:5      | Reached skill level 1 in Transmutations
  5271 | D:5      | Gained mutation: You are mostly covered in iridescent scales (AC +6). [demonic ancestry]
  5271 | D:5      | Reached XP level 8. HP: 60/61 MP: 7/9
  5432 | D:5      | Found a white marble altar of Elyvilon.
  5577 | D:5      | Reached skill level 1 in Spellcasting
  5634 | D:5      | Reached skill level 1 in Axes
  6071 | D:6      | Noticed Pikel
  6171 | D:6      | Noticed a troll
  6183 | D:6      | Killed a troll
  6377 | D:6      | Killed Pikel
  6377 | D:6      | Reached skill level 5 in Shields
  6410 | D:6      | Learned a level 2 spell: Blink
  6418 | D:6      | Gained mutation: You are robust (+10% HP). [demonic ancestry]
  6418 | D:6      | Reached XP level 9. HP: 61/73 MP: 12/12
  6697 | D:6      | Reached skill level 5 in Armour
  7074 | D:6      | Reached skill level 5 in Fighting
  7087 | D:7      | Reached skill level 1 in Translocations
  7372 | D:7      | Found a staircase to the Ecumenical Temple.
  7377 | Temple   | Entered the Ecumenical Temple
  7387 | Temple   | Became a worshipper of Warmaster Okawaru
  7917 | D:7      | Found Omisism's Armour Shoppe.
  8026 | D:7      | Bought a +3 leather armour of fire resistance for 264 gold pieces
  8091 | D:7      | Found an ancient bone altar of Kikubaaqudgha.
  8092 | D:7      | Found a snail-covered altar of Cheibriados.
  8181 | D:8      | Reached * piety under Okawaru
  8300 | D:8      | Reached skill level 5 in Dodging
  8313 | D:8      | Found a sparkling altar of Nemelex Xobeh.
  8313 | D:8      | Found an opulent altar of Gozag.
  8345 | D:8      | Found a basalt altar of Yredelemnul.
  8474 | D:8      | Found Seaxuxy's Assorted Antiques.
  8477 | D:8      | Bought a scroll of identify for 70 gold pieces
  8528 | D:8      | Reached XP level 10. HP: 78/81 MP: 16/16
  8591 | D:8      | Reached ** piety under Okawaru
  8925 | D:9      | Noticed Erolcha
  9177 | D:9      | Noticed dvd's ghost (novice DDEE)
  9715 | D:9      | Killed dvd's ghost
  9769 | D:9      | Found a staircase to the Lair.
  9910 | D:9      | Killed Erolcha
  9910 | D:9      | Reached *** piety under Okawaru
  9910 | D:9      | Reached skill level 5 in Spellcasting
 10683 | Lair:1   | Entered Level 1 of the Lair of Beasts
 11112 | Lair:1   | Reached **** piety under Okawaru
 11209 | Lair:1   | Reached XP level 11. HP: 88/89 MP: 19/19
 11383 | Lair:1   | Noticed an oklob plant
 11424 | Lair:1   | Noticed a six-headed hydra
 11750 | Lair:2   | Found a dark tunnel.
 11750 | Lair:2   | Noticed a lindwurm
 11760 | Volcano  | Entered a volcano
 12118 | Volcano  | Found a bloodstained altar of Trog.
 12612 | Volcano  | Reached skill level 5 in Translocations
 13445 | Lair:2   | Killed a lindwurm
 13749 | Lair:2   | Learned a level 3 spell: Teleport Other
 13862 | Lair:2   | Found an iron altar of Okawaru.
 14348 | Lair:3   | Found a shadowy altar of Dithmenos.
 14481 | Lair:3   | Reached skill level 5 in Transmutations
 14505 | Lair:3   | HP: 4/90 [yak (6)]
 14579 | Lair:3   | Found a frozen archway.
 14602 | Lair:3   | Reached ***** piety under Okawaru
 14622 | IceCv    | Entered an ice cave
 14952 | IceCv    | Noticed a frost giant
 14991 | IceCv    | Slain by a frost giant

Skill      XL: |  1  2  3  4  5  6  7  8  9 10 11 |
---------------+----------------------------------+-----
Shields        | 3 4 5 6 7 |  7.0
Armour         | 3 4 5 |  5.6
Throwing       | 1 2 3 |  3.5
Dodging        | 1 2 3 5 6 7 |  7.0
Short Blades   | 2 3 |  3.8
Stealth        | 1 2 |  2.4
Fighting       | 4 5 6 |  6.4
Transmutations | 1 2 3 4 5 |  5.1
Spellcasting   | 2 4 5 6 |  6.2
Axes           | 1 3 4 |  4.2
Translocations | 3 4 5 |  5.4
Evocations     | |  0.2

Action                   |  1- 3 |  4- 6 |  7- 9 | 10-12 || total
-------------------------+-------+-------+-------+-------++-------
Melee: Rapier            |   156 |   378 |    75 |       ||   609
       Kick              |    26 |   122 |   118 |   219 ||   485
       Hand axe          |       |       |   399 |   527 ||   926
       Headbutt          |       |       |     4 |    16 ||    20
       Battleaxe         |       |       |       |   130 ||   130
Throw: Stone             |    52 |    79 |    28 |    15 ||   174
       Javelin           |       |       |    10 |    24 ||    34
 Cast: Beastly Appendage |       |       |     4 |     7 ||    11
Evoke: Wand              |       |       |       |     5 ||     5
  Use: Scroll            |       |     9 |    11 |    10 ||    30
       Potion            |       |     1 |       |    15 ||    16
  Eat: Chunk             |     2 |     3 |     3 |     8 ||    16
       Beef jerky        |       |     1 |       |     2 ||     3
       Meat ration       |       |     1 |     2 |     2 ||     5
       Pizza             |       |       |     2 |       ||     2
       Fruit             |       |       |     1 |       ||     1
       Royal jelly       |       |       |       |     1 ||     1
Armor: Scale mail        |    81 |   224 |    78 |    84 ||   467
       Troll leather arm |       |       |    72 |       ||    72
       Leather armour    |       |       |    29 |   139 ||   168
Dodge: Dodged            |    59 |   121 |   152 |   294 ||   626
Block: Shield            |    87 |   175 |   246 |   248 ||   756
